 Dungeon Crawl Stone Soup version 0.23.2 (webtiles) character file.

Game seed: 5565737103416828657

1204 teukkam the Shield-Bearer (level 8, 0/71 HPs)
             Began as a Minotaur Fighter on Apr 3, 2019.
             Killed from afar by Ijyb (21 damage)
             ... with a wand of acid (6)
             ... on level 5 of the Dungeon.
             The game lasted 00:10:02 (1967 turns).

teukkam the Shield-Bearer (Minotaur Fighter)        Turns: 1967, Time: 00:10:02

Health: 0/71       AC:  5    Str: 22    XL:     8   Next: 21%
Magic:  16/16      EV: 10    Int:  5    God:
Gold:   156        SH:  0    Dex: 11    Spells: 7/7 levels left

rFire    + . .     SeeInvis .   a - +4 quarterstaff (chaos)
rCold    . . .     Gourm    .   (shield currently unavailable)
rNeg     . . .     Faith    .   x - +2 ring mail {rF+}
rPois    .         Spirit   .   (helmet restricted)
rElec    .         Reflect  .   g - +0 cloak
rCorr    .         Harm     +   (no gloves)
MR       .....                  (no boots)
Stlth    +.........             t - amulet of harm
HPRegen  0.21/turn              h - ring of magical power
MPRegen  0.15/turn              (no ring)

@: corroded, slowed, very slow
A: retaliatory headbutt, horns 2
a: no special abilities


You were on level 5 of the Dungeon.
You were not hungry.

You visited 1 branch of the dungeon, and saw 6 of its levels.

You collected 156 gold pieces.

Inventory:

Hand Weapons
 a - a +4 quarterstaff of chaos (weapon)
 b - a +0 hunting sling
 d - a +1 war axe of venom
 e - a +1 dagger of holy wrath
 i - a -2 mace
Missiles
 u - 3 tomahawks
 w - 80 stones (quivered)
Armour
 c - a +0 shield
 g - a +0 cloak (worn)
 n - a +0 chain mail
 o - a +0 scale mail
 x - a +2 ring mail of fire resistance (worn)
Jewellery
 h - a ring of magical power (left hand)
 l - an uncursed ring of attention
 r - an uncursed amulet of magic regeneration
 t - an amulet of harm (around neck)
Wands
 p - a wand of scattershot (2)
Scrolls
 s - 3 scrolls of identify
 v - 3 scrolls of remove curse
Potions
 j - 3 potions of magic
 k - a potion of degeneration {unknown}
 m - 2 potions of curing
 q - a potion of agility {unknown}
Comestibles
 f - 5 rations


   Skills:
 + Level 6.9 Fighting
 - Level 3.1 Axes
 + Level 5.3 Staves
 + Level 6.9 Armour
 + Level 6.9 Shields


You had 7 spell levels left.
You didn't know any spells.
Your spell library contained the following spells:

 Spells                   Type           Power        Failure   Level  Hunger
 Freeze                   Ice            #...         63%         1    ##.....
 Throw Frost              Conj/Ice       #.....       77%         2    ###....
 Ozocubu's Armour         Chrm/Ice       #.......     94%         3    ####...
 Summon Ice Beast         Ice/Summ       #.......     100%        4    #####..
 Throw Icicle             Conj/Ice       #.......     100%        4    #####..


Dungeon Overview and Level Annotations

Branches:
Dungeon (6/15)
 Temple: D:4-7

Altars:
Wu Jian

Annotations:
D:3 1 runed translucent door, Borgoz's ghost, amateur GrGl
D:5 Ijyb


Innate Abilities, Weirdness & Mutations

You reflexively headbutt those who attack you in melee.
You have a pair of horns on your head.


Message History

The orc wizard flickers and vanishes!
Deactivating autopickup; reactivate with Ctrl-A.
Ijyb closely misses you. The orc completely misses you.
You furiously retaliate!
You headbutt the orc.
It was a potion of curing.
You feel better.
The orc wizard hits you with a +0 dagger.
Something hits you but does no damage.
The orc wizard hits you but does no damage.
Ijyb hits you but does no damage. The orc hits you but does no damage.
Something hits you but does no damage.
The orc wizard hits you but does no damage.
As you read the scroll labeled ZAN CIOCUOFU, it crumbles to dust.
The scroll dissolves into smoke.
It was a scroll of fog.
The orc wizard hits you but does no damage.
Ijyb hits you but does no damage. Something hits you.
* * * LOW HITPOINT WARNING * * *
The orc misses you. The orc wizard barely misses you. You furiously retaliate!
You headbutt the orc wizard, but do no damage.
Ijyb zaps a wand.
The bolt of acid hits you!!
You die...

#.#### #.##.#.## ##...## ##....#
#.##..### ##.o...# # ##..##.#
#.##.##.## ##.......
####...##.###.##.#.[.####........
'....................[.)[........
####...##.######.#...####...<....
# ##.###.# #..§#.## ##.......
#####.## #og§### ##.....# ##...##
#§@{# ##...## ##.....#####o#
##'## ###.......# #.# #.#
#.........# #.# #.### #.#...))<.#
#.# ##.##. #.##.....## ...
##..... #.###...## #.# #......
#.# ##### #.# #...#. ####.# #..
.#####..#.


You could see Ijyb, an orc wizard and an orc.

Vanquished Creatures
  Prince Ribbit (D:5)
  2 phantoms
  An ogre (D:5)
  3 scorpions
  3 howler monkeys (D:5)
  Crazy Yiuf (D:3)
  6 orc priests
  5 orc wizards
  A worker ant (D:4)
  3 gnolls (D:5)
  2 adders
  A shadow imp (D:6)
  An ooze (D:3)
  3 leopard geckos
  16 orcs
  3 giant cockroaches
  3 goblins
  2 hobgoblins
  7 jackals
  A quokka (D:4)
  2 ball pythons
  2 bats
  A frilled lizard (D:1)
  A leopard gecko skeleton (D:5)
71 creatures vanquished.

Vanquished Creatures (collateral kills)
  2 orcs (D:4)
  A giant cockroach (D:4)
  A jackal (D:4)
4 creatures vanquished.

Grand Total: 75 creatures vanquished

Notes
Turn   | Place    | Note
-------+----------+-------------------------------------------
     0 | D:1      | teukkam the Minotaur Fighter began the quest for the Orb.
     0 | D:1      | Reached XP level 1. HP: 19/19 MP: 0/0
   306 | D:4      | Noticed an orc priest
   306 | D:4      | Noticed an orc wizard
   316 | D:3      | Reached XP level 2. HP: 27/27 MP: 1/1
   357 | D:3      | Found a runed translucent door.
   358 | D:3      | Noticed Crazy Yiuf
   367 | D:3      | Killed Crazy Yiuf
   367 | D:3      | Reached XP level 3. HP: 13/33 MP: 2/2
   493 | D:3      | Found a runed translucent door.
   497 | D:3      | Noticed Borgoz's ghost (amateur GrGl)
   546 | D:4      | Noticed a scorpion
   558 | D:4      | Killed a scorpion
   558 | D:4      | Reached skill level 1 in Staves
   558 | D:4      | Reached XP level 4. HP: 10/41 MP: 3/3
   645 | D:4      | Reached XP level 5. HP: 47/47 MP: 4/4
   694 | D:4      | Reached skill level 5 in Fighting
   694 | D:4      | Reached skill level 5 in Armour
   694 | D:4      | Reached skill level 5 in Shields
   725 | D:4      | Reached XP level 6. HP: 55/56 MP: 5/5
   985 | D:5      | Entered Level 5 of the Dungeon
  1017 | D:6      | Found an ornate altar of the Wu Jian Council.
  1197 | D:5      | Noticed Prince Ribbit
  1210 | D:5      | Reached XP level 7. HP: 62/62 MP: 6/6
  1222 | D:5      | HP: 3/63 [Prince Ribbit (16)]
  1226 | D:5      | Killed Prince Ribbit
  1749 | D:5      | Reached skill level 5 in Staves
  1749 | D:5      | Reached XP level 8. HP: 71/71 MP: 7/7
  1947 | D:5      | Noticed Ijyb
  1967 | D:5      | Killed from afar by Ijyb

Skill      XL: |  1  2  3  4  5  6  7 |
---------------+----------------------+-----
Fighting       | 4 5 6 |  6.9
Axes           | 3 |  3.1
Armour         | 4 5 6 |  6.9
Shields        | 4 5 6 |  6.9
Staves         | 1 2 3 5 |  5.3

Action                   |  1- 3 |  4- 6 |  7- 9 || total
-------------------------+-------+-------+-------++-------
Melee: War axe           |    40 |       |       ||    40
       Headbutt          |     5 |    15 |     2 ||    22
       Quarterstaff      |    11 |    68 |    35 ||   114
       Mace              |       |     3 |       ||     3
 Fire: Hunting sling     |       |       |    11 ||    11
Evoke: Wand              |       |       |     2 ||     2
  Use: Scroll            |     2 |     4 |     2 ||     8
       Potion            |     1 |     2 |     2 ||     5
  Eat: Chunk             |       |     1 |     1 ||     2
       Ration            |       |       |     1 ||     1
Armor: Scale mail        |    18 |    26 |       ||    44
       Ring mail         |       |    14 |    27 ||    41
Dodge: Dodged            |     9 |    21 |    25 ||    55
Block: Shield            |    23 |       |       ||    23
